 Dungeon Crawl Stone Soup version 0.21-a0-278-ga722497 (webtiles) character file.

3581 rpophessagr the Grappler (level 9, -3/80 HPs)
             Began as a Troll Chaos Knight on Sept 21, 2017.
             Slain by a two-headed ogre
             ... wielding a cursed +0 giant club
              (31 damage)
             ... on level 8 of the Dungeon.
             The game lasted 00:13:44 (5748 turns).

rpophessagr the Grappler (Troll Chaos Knight)       Turns: 5748, Time: 00:13:44

Health: -3/80      AC:  7    Str: 24    XL:     9   Next: 84%
Magic:  8/8        EV: 10    Int:  8    God:    Xom [....*.]
Gold:   252        SH:  0    Dex: 15    Spells: 8/8 levels left

rFire    . . .     SeeInvis .     - Unarmed
rCold    + . .     Gourm    +   (no shield)
rNeg     . . .     Faith    .   a - +2 robe
rPois    .         Spirit   .   (helmet restricted)
rElec    .         Reflect  .   (no cloak)
rCorr    .         Harm     .   (gloves unavailable)
MR       .....                  (boots unavailable)
Stlth    +.........             (no amulet)
HPRegen  0.63/turn              c - +5 ring of dexterity
MPRegen  0.11/turn              g - ring of protection from cold

@: lethally poisoned (-3 -> -4)
A: unfitting armour, claws 3, fast metabolism 3, gourmand, regeneration 1,
shaggy fur 1, tough skin 2
a: Renounce Religion


You were on level 8 of the Dungeon.
You worshipped Xom.
You were a beloved toy of Xom.
You were very full.

You visited 1 branch of the dungeon, and saw 8 of its levels.

You collected 317 gold pieces.
You spent 65 gold pieces at shops.

Inventory:

Hand Weapons
 y - a +0 blowgun
Missiles
 l - 4 tomahawks (quivered)
 n - 25 stones
 q - 3 throwing nets
 u - 3 curare-tipped needles
Armour
 a - a +2 robe (worn)
Jewellery
 c - a +5 ring of dexterity (left claw)
 g - a ring of protection from cold (right claw)
 A - an uncursed ring of stealth
Wands
 i - a wand of lightning (0/15)
 r - a wand of disintegration (16/24)
 B - a wand of confusion (13/48)
 D - a wand of enslavement (8/24)
Scrolls
 e - 2 scrolls of fog
 f - 2 scrolls of immolation
 k - a scroll of teleportation
 m - 5 scrolls of enchant armour
 C - a scroll of remove curse
Potions
 d - 3 potions of flight
 h - a potion of haste
 o - a potion of ambrosia
 v - a potion of lignification
 w - a potion of agility
 x - a potion of magic {unknown}
 z - a potion of might {unknown}
 F - a potion of brilliance {unknown}
Books
 p - a book of Necromancy

   Spells                             Type                      Level
   a - Pain                           Necromancy                   1
   b - Animate Skeleton               Necromancy                   1
   c - Vampiric Draining              Necromancy                   3
   d - Regeneration                   Charms/Necromancy            3
   e - Animate Dead                   Necromancy                   4
   f - Control Undead                 Necromancy                   4
Miscellaneous
 s - a crystal ball of energy
Comestibles
 b - 5 bread rations
 j - 8 fruits
 t - 2 royal jellies


   Skills:
 - Level 2.4 Fighting
 + Level 8.2 Throwing
 - Level 1.9 Dodging
 + Level 11.2 Unarmed Combat


You had 8 spell levels left.
You didn't know any spells.

Dungeon Overview and Level Annotations

Branches:
Dungeon (8/15)             Temple (0/1) D:5
   Lair: D:8-11

Altars:
Gozag
Kikubaaqudgha
Makhleb
Okawaru
Ru
Wu Jian
Xom
Zin
The Shining One

Shops:
D:4 !


Innate Abilities, Weirdness & Mutations

You are too large for most types of armour.
You have claws for hands.
Your metabolism is lightning-fast.
You like to eat raw meat.
Your natural rate of healing is unusually fast.
You are covered in fur. (AC +1)
You have very tough skin. (AC +2)


Message History

You feel sick. The killer bee closely misses you. The killer bee stings you.
You are more poisoned.
The killer bee poisons you!
You feel sick. The killer bee stings you. The killer bee closely misses you.
Your surroundings suddenly seem different.
Xom thinks this is hilarious!
You feel sick.
A two-headed ogre comes into view.
It is wielding a giant club and a giant spiked club.
The two-headed ogre shouts in stereo!
The two-headed ogre hits you with a giant club!!
The two-headed ogre hits you with a giant spiked club!
* * * LOW HITPOINT WARNING * * *
You scratch the two-headed ogre but do no damage.
The two-headed ogre hits you with a giant club.
* * * LOW HITPOINT WARNING * * *
The two-headed ogre barely misses you.
You feel much better.
You feel sick.
The two-headed ogre hits you with a giant club!!
You die...
Xom laughs nastily!

##......##....#
...##......##....#
............+....#
...........####+##
...........#
............#
............#
...####+#####
...#...O@...# ..
#........+
#........#
#..........
#............
#............
#########.... ....


You could see a two-headed ogre.

Vanquished Creatures
  A two-headed ogre (D:7)
  The ghost of Cuchulain the Skirmisher, a novice DrWn of Nemelex Xobeh (D:7)
  A hippogriff (D:7)
  A hungry ghost (D:7)
  A black bear (D:7)
  An orc warrior (D:7)
  6 ogres
  2 ice beasts
  A sky beast (D:5)
  A phantom (D:7)
  A centaur (D:8)
  A big kobold (D:7)
  A gnoll sergeant (D:5)
  2 bullfrogs
  2 crimson imps
  3 bullfrog zombies (D:6)
  A jelly (D:6)
  2 hounds (D:7)
  2 orc priests
  An orc wizard (D:6)
  Jessica (D:1)
  3 iguanas (D:7)
  Terence (D:2)
  7 worker ants
  5 gnolls
  11 adders
  2 oozes
  An adder skeleton (D:4)
  3 worms
  A dart slug (D:2)
  5 leopard geckos
  18 orcs
  A ball python (D:3)
  6 bats
  8 giant cockroaches
  5 goblins
  8 hobgoblins
  13 jackals
  3 quokkas
  4 frilled lizards
  16 kobolds
  7 rats
161 creatures vanquished.

Notes
Turn   | Place    | Note
-------+----------+-------------------------------------------
     0 | D:1      | rpophessagr the Troll Chaos Knight began the quest for the Orb.
     0 | D:1      | Reached XP level 1. HP: 22/22 MP: 0/0
   170 | D:1      | Reached XP level 2. HP: 29/29 MP: 1/1
   247 | D:1      | XOM: cloud trail
   625 | D:1      | Reached skill level 4 in Unarmed Combat
   695 | D:1      | XOM: harmless Pois miscast
   703 | D:1      | XOM: enchant monster (bad)
   846 | D:2      | Noticed Jessica
   862 | D:2      | Reached XP level 3. HP: 25/36 MP: 2/2
   872 | D:1      | XOM: cloud trail
   903 | D:1      | Killed Jessica
   981 | D:2      | Reached XP level 4. HP: 44/44 MP: 3/3
   982 | D:2      | XOM: enchant monster (bad)
   983 | D:2      | Reached skill level 5 in Unarmed Combat
  1069 | D:2      | Found an ancient bone altar of Kikubaaqudgha.
  1384 | D:2      | Noticed an ogre
  1390 | D:2      | XOM: summons friendly white imp
  1391 | D:2      | XOM: cast spell 'Summon Ice Beast'
  1399 | D:2      | Killed an ogre
  1399 | D:2      | Reached XP level 5. HP: 50/50 MP: 4/4
  1416 | D:2      | Noticed Terence
  1427 | D:2      | Killed Terence
  1427 | D:2      | Reached skill level 6 in Unarmed Combat
  1694 | D:2      | Found a glowing golden altar of the Shining One.
  1817 | D:3      | XOM: potion effect (haste)
  2142 | D:3      | XOM: harmless Erth miscast
  2159 | D:3      | XOM: harmless Necr miscast
  2161 | D:3      | Reached XP level 6. HP: 39/59 MP: 5/5
  2164 | D:3      | XOM: cloud trail
  2275 | D:3      | XOM: cloud trail
  2461 | D:3      | Reached skill level 1 in Throwing
  2461 | D:3      | Reached skill level 7 in Unarmed Combat
  2549 | D:3      | XOM: god gift: halberd {god gift}
  2931 | D:4      | XOM: god gift: scale mail {god gift}
  3146 | D:4      | Found Nuhinlaox's Distillery.
  3151 | D:4      | Bought a potion of heal wounds for 65 gold pieces
  3314 | D:5      | Entered Level 5 of the Dungeon
  3411 | D:5      | Reached XP level 7. HP: 59/66 MP: 6/6
  3480 | D:5      | Found a sacrificial altar of Ru.
  3507 | D:5      | XOM: cast spell 'Leda's Liquefaction'
  3511 | D:5      | XOM: enchant monster (bad)
  3679 | D:5      | Found an ornate altar of the Wu Jian Council.
  3713 | D:5      | Reached skill level 8 in Unarmed Combat
  3921 | D:5      | Found a staircase to the Ecumenical Temple.
  3951 | D:5      | XOM: cast spell 'Metabolic Englaciation'
  3956 | D:5      | XOM: blink monster(s)
  4054 | D:6      | XOM: mild Ice miscast
  4067 | D:6      | Reached XP level 8. HP: 74/74 MP: 7/7
  4078 | D:6      | Noticed an angel
  4078 | D:6      | Found a shimmering altar of Xom.
  4110 | D:6      | Found a glowing silver altar of Zin.
  4211 | D:6      | Found a burning altar of Makhleb.
  4321 | D:6      | XOM: 2-stop teleportation journey
  4416 | D:6      | Reached skill level 5 in Throwing
  4416 | D:6      | Reached skill level 9 in Unarmed Combat
  4912 | D:7      | Noticed Cuchulain's ghost (novice DrWn)
  4925 | D:7      | XOM: cast spell 'Statue Form'
  4931 | D:7      | XOM: divination: detect creatures
  4946 | D:7      | Killed Cuchulain's ghost
  4946 | D:7      | Reached XP level 9. HP: 80/80 MP: 8/8
  4951 | D:7      | Reached skill level 10 in Unarmed Combat
  5040 | D:7      | Found an opulent altar of Gozag.
  5114 | D:7      | Found Faddolacha's General Store.
  5164 | D:7      | Noticed a two-headed ogre
  5197 | D:7      | Found an iron altar of Okawaru.
  5219 | D:7      | XOM: potion effect (haste)
  5224 | D:7      | Killed a two-headed ogre
  5431 | D:7      | Reached skill level 11 in Unarmed Combat
  5578 | D:7      | XOM: god gift: crystal ball of energy
  5730 | D:8      | XOM: harmless Tloc miscast
  5733 | D:8      | XOM: enchant monster (good)
  5740 | D:8      | XOM: polymorph orc wizard -> orc wizard
  5746 | D:8      | Noticed a two-headed ogre
  5747 | D:8      | HP: 4/80 [two-headed ogre/giant club (6)]
  5748 | D:8      | Slain by a two-headed ogre

Vault maps used:
D:1:      minmay_arrival_floating_metal, st_stairs_3
D:2:      cheibrodos_helix_gallery, nicolae_tso_swordbearing_angel,
          kiku_gazebo_garden_becter, cheibrodos_gnoll_hut, uniq_jessica,
          uniq_terence
D:3:      nicolae_overflow_hidden_temple, first_bread, nrook_mini_vaults
D:4:      serial_shops, shop_fountains
D:5:      lemuel_round_altar, lemuel_crystal_altar,
          minmay_temple_entry_butterflies, lightli_minifort
D:6:      grunt_temple_overflow_order_and_chaos_1, overflow_temple_1_default
D:7:      grunt_gozag_statues, kennysheep_mini, serial_shops, shop
D:8:      lemuel_crystal_altar

Skill      XL: |  1  2  3  4  5  6  7  8  9 |
---------------+----------------------------+-----
Unarmed Combat | 4 5 6 7 8 9 11 | 11.2
Throwing       | 2 4 6 8 |  8.2
Fighting       | |  2.4
Dodging        | |  1.9

Action                   |  1- 3 |  4- 6 |  7- 9 || total
-------------------------+-------+-------+-------++-------
Melee: Unarmed           |    58 |   147 |   237 ||   442
       Punch             |     1 |     2 |    11 ||    14
Evoke: Wand              |       |       |     4 ||     4
  Use: Scroll            |     1 |     9 |     7 ||    17
       Potion            |       |       |     6 ||     6
 Stab: Sleeping          |     1 |     2 |     1 ||     4
       Distracted        |       |     1 |       ||     1
       Petrifying        |       |     1 |       ||     1
  Eat: Chunk             |     7 |    27 |    25 ||    59
Armor: Robe              |    24 |    53 |    81 ||   158
       Skin              |       |       |    21 ||    21
Dodge: Dodged            |    15 |    62 |   124 ||   201

Table legend:
 A = Spawn XP
 B = Non-spawn XP
 C = Spawn XP percentage of total XP
 D = Spawn monster count
 E = Non-spawn monster count
 F = Spawn count percentage of total count
 G = Total turns spent on level
                    A         B        C        D         E        F      G
               +---------+---------+-------+---------+---------+-------+---------
         Total |       0 |    5117 |   0.0 |       0 |     161 |   0.0 |  5748
               +---------+---------+-------+---------+---------+-------+---------
           D:1 |       0 |      74 |   0.0 |       0 |      13 |   0.0 |   875
           D:2 |       0 |     203 |   0.0 |       0 |      29 |   0.0 |   924
           D:3 |       0 |     264 |   0.0 |       0 |      35 |   0.0 |   907
           D:4 |       0 |     168 |   0.0 |       0 |      11 |   0.0 |   608
           D:5 |       0 |     565 |   0.0 |       0 |      15 |   0.0 |   708
           D:6 |       0 |     670 |   0.0 |       0 |      21 |   0.0 |   719
           D:7 |       0 |    3063 |   0.0 |       0 |      36 |   0.0 |   964
           D:8 |       0 |     110 |   0.0 |       0 |       1 |   0.0 |    43
               +---------+---------+-------+---------+---------+-------+---------
